 Dungeon Crawl Stone Soup version 0.31-a0-236-g9a0961fb85 (webtiles) character file.

Game seed: 10533190475879487543

39 cforsyth the Ruffian (level 3, -1/33 HPs)
             Began as an Ogre Transmuter on July 11, 2023.
             Slain by a gnoll
             ... wielding a +0 whip
              (6 damage)
             ... on level 2 of the Dungeon.
             The game lasted 00:01:18 (1104 turns).

cforsyth the Ruffian (Ogre Transmuter)              Turns: 1104, Time: 00:01:19

Health: -1/33      AC:  3    Str: 14    XL:     3   Next: 47%
Magic:  5/6        EV:  9    Int: 16    God:
Gold:   115        SH:  0    Dex:  9    Spells: 5/6 levels left

rFire   . .          .
                       - Unarmed
rCold   . . .        (no shield)
rNeg    . . .        a - +0 robe
rPois   .            (helmet currently unavailable)
rElec   .            (no cloak)
rCorr   .            (gloves unavailable)
SInv    .            (boots unavailable)
Will    .....        (no amulet)
Stlth   +            (no ring)
HPRegen 0.25/turn    (no ring)
MPRegen 0.10/turn

%: no passive effects
@: appendages (expiring)
A: horns 2, talons 2, large, unfitting armour, tough skin 1
a: End Transformation


You were on level 2 of the Dungeon.
You had temporarily grown beastly horns and talons.
You visited 1 branch of the dungeon, and saw 2 of its levels.

You collected 115 gold pieces.

Inventory:

Armour
 a - a +0 robe (worn)
Jewellery
 j - a +6 ring of dexterity
Scrolls
 c - 2 scrolls of teleportation {unknown}
 d - 3 scrolls of identify {unknown}
 e - a scroll of enchant armour {unknown}
 f - a scroll of fog {unknown}
 g - a scroll of noise {unknown}
 h - a scroll of poison {unknown}
Potions
 b - a potion of might {unknown}
 i - a potion of ambrosia {unknown}


   Skills:
 - Level 1.3 Fighting
 - Level 1.7 Dodging
 + Level 4.0 Unarmed Combat
 - Level 2.4 Spellcasting
 - Level 1.7 Transmutations


You had 5 spell levels left.
You knew the following spells:

 Your Spells              Type           Power      Damage    Failure   Level
a - Beastly Appendage     Tmut           14%        N/A       10%         1

Your spell library contained the following spells:

 Spells                   Type           Power      Damage    Failure   Level
 Wereblood                Tmut           7%         N/A       14%         2
 Spider Form              Tmut/Pois      4%         N/A       38%         3
 Ice Form                 Ice/Tmut       4%         N/A       80%         4


Dungeon Overview and Level Annotations

Branches:
Dungeon (2/15)

Altars:


Innate Abilities, Weirdness & Mutations

You have temporarily grown beastly horns and talons.
You are too large for most types of armour.
You have tough skin. (AC +1)


Message History

You hit the rat but do no damage. The rat bites you but does no damage.
You hit the rat but do no damage. You claw the rat, but do no damage.
The rat bites you.
You hit the rat.
You kill the rat!
No target in view!
No target in view!
Your transformation is almost over.
HP restored.
Your horns disappear.
Your talons disappear.
You now have 115 gold pieces (gained 4).
You open the door.
A gnoll comes into view. It is wielding a +0 whip.
The gnoll shouts!
A ball python comes into view.
Found 6 gold pieces.
There are monsters nearby!
There are monsters nearby!
There are monsters nearby!
The gnoll hits you with a +0 whip.
There is an open door, spattered with blood here.
You closely miss the gnoll.
The ball python hisses angrily.
The gnoll hits you with a +0 whip.
You barely miss the gnoll. The gnoll hits you with a +0 whip!
You are too injured to fight recklessly!
You are too injured to fight recklessly!
You are too injured to fight recklessly!
Casting: Beastly Appendage (safe; 10% risk of failure)
Confirm with . or Enter, or press ? or * to list all spells.
You grow a pair of large bovine horns.
Your feet morph into talons.
The gnoll hits you with a +0 whip.
You closely miss the gnoll.
Your transformation is almost over.
The gnoll hits you with a +0 whip!
* * * LOW HITPOINT WARNING * * *
You hit the gnoll. Your kick misses the gnoll.
The gnoll is lightly wounded.
The gnoll hits you with a +0 whip.
You die...

.......††....#......#.#.....##...
###.....####.##.###.#.#.....#####
#..........##[..†...####### #
#...........#.###.### #
#....##+##.....###.# ######
...#### ####...##.##### #.....
.## ###........# #.#### #
#.##.......# #.#
#Sg@.......####.#
#.##............# #
#........###### ...#.#....#
...........# ####.####### #.


You could see a gnoll and a ball python.

Vanquished Creatures
  A gnoll (D:1)
  3 ball pythons (D:1)
  2 endoplasms (D:1)
  A giant cockroach (D:2)
  2 goblins
  3 hobgoblins (D:1)
  2 quokkas
  7 bats
  2 frilled lizards (D:1)
  3 kobolds (D:1)
  4 rats (D:2)
30 creatures vanquished.

Notes
Turn   | Place    | Note
-------+----------+-------------------------------------------
     0 | D:1      | cforsyth the Ogre Transmuter began the quest for the Orb.
     0 | D:1      | Reached XP level 1. HP: 19/19 MP: 3/3
    80 | D:1      | Reached skill level 3 in Unarmed Combat
    81 | D:1      | Reached XP level 2. HP: 6/27 MP: 5/5
   227 | D:1      | Reached XP level 3. HP: 30/33 MP: 6/6
   944 | D:2      | Reached skill level 4 in Unarmed Combat
   976 | D:2      | Identified the +6 scale mail "Hecraorgh" {+Blink Int+7}
  1104 | D:2      | Slain by a gnoll

Illustrated notes

Levels and vault maps discovered:
D:1:      erik_arrival_blinker_ship, layout_rooms
D:2:      layout_loops_cross, minmay_divided_ellipse

Skill      XL: |  1  2  3 |
---------------+----------+-----
Unarmed Combat | 3 4 |  4.0
Fighting       | |  1.3
Dodging        | |  1.7
Spellcasting   | |  2.4
Transmutations | |  1.7

Action                     || total
---------------------------++-------
  Melee: Unarmed           ||    92
         Kick              ||    14
         Headbutt          ||     9
   Cast: Beastly Appendage ||    17
    Use: Potion            ||     1
 Armour: Robe              ||    51
         Skin              ||     8
  Dodge: Dodged            ||    39

Table legend: (Time is in decaauts)
 A = Elapsed time spent in this place.
 B = Non-inter-level travel time spent in this place.
 C = Inter-level travel time spent in this place.
 D = Time resting spent in this place.
 E = Time spent auto-exploring this place.
 F = Levels seen in this place.
 G = Mean time per level.
                   A        B        C        D        E       F      G
               +--------+--------+--------+--------+--------+-----+--------+
         Total |   1097 |   1079 |     18 |      0 |    879 |   2 |  548.5 |
       Dungeon |   1097 |   1079 |     18 |      0 |    879 |   2 |  548.5 |
               +--------+--------+--------+--------+--------+-----+--------+

Top non-repeatable levels by time:
     D:1: 683 daAuts
     D:2: 414 daAuts
